 Dungeon Crawl Stone Soup version 0.30-a0-610-gb513c0a51f (webtiles) character file.

Game seed: 2388528520090687793

4 BaabKaare the Firebug (level 1, -1/13 HPs)
             Began as a Human Fire Elementalist on Jan 8, 2023.
             Was a Follower of Fedhas.
             Frozen to death by an endoplasm (3 damage)
             ... on level 1 of the Dungeon.
             The game lasted 00:01:26 (88 turns).

BaabKaare the Firebug (Human Fire Elementalist)       Turns: 88, Time: 00:01:27

Health: -1/13      AC:  5    Str:  8    XL:     1   Next: 66%
Magic:  0/3        EV: 12    Int: 15    God:    Fedhas [*.....]
Gold:   6          SH:  0    Dex: 13    Spells: 3/4 levels left

rFire   . . .      SeeInvis .    (no weapon)
rCold   . . .      Faith    .    (no shield)
rNeg    . . .      Spirit   .    a - +0 robe
rPois   .          Reflect  .    (no helmet)
rElec   .          Harm     .    (no cloak)
rCorr   .          Rampage  .    (no gloves)
Will    .....                    d - +2 pair of boots
Stlth   ++                       (no amulet)
HPRegen 0.22/turn                (no ring)
MPRegen 0.08/turn                (no ring)

@: no status effects
A: no striking features
a: Renounce Religion


You were on level 1 of the Dungeon.
You worshipped Fedhas.
Fedhas was aware of your devotion.
You visited 1 branch of the dungeon, and saw 1 of its levels.

You collected 6 gold pieces.

Inventory:

Armour
 a - a +0 robe (worn)
 d - a +2 pair of boots (worn)
Scrolls
 c - 2 scrolls of identify {unknown}
Potions
 b - a potion of magic


   Skills:
 + Level 2.0 Dodging
 + Level 2.0 Stealth
 + Level 2.1 Spellcasting
 + Level 1.0 Conjurations
 + Level 3.2 Fire Magic


You had 3 spell levels left.
You knew the following spells:

 Your Spells              Type           Power      Damage    Failure   Level
a - Foxfire               Conj/Fire      28%        2x1d5     10%         1

Your spell library contained the following spells:

 Spells                   Type           Power      Damage    Failure   Level
 Scorch                   Fire           22%        2d6       9%          2
 Inner Flame              Hex/Fire       6%         N/A       34%         3
 Kindle Blastsparks       Fire/Tloc/Air  8%         2d10      38%         3
 Flame Wave               Conj/Fire      7%         2d5       67%         4


Dungeon Overview and Level Annotations

Branches:
Dungeon (1/15)

Altars:
Fedhas


Message History

* * * LOW HITPOINT WARNING * * *
The endoplasm attacks as you move away! The endoplasm barely misses you.
The jackal barely misses you. The endoplasm attacks as you move away!
The endoplasm hits you.
* * * LOW HITPOINT WARNING * * *
The endoplasm attacks as you move away! The endoplasm closely misses you.
The bat barely misses you.
The jackal bites you but does no damage.
The bat misses you.
There is a faded altar of an unknown god here.
This altar belongs to (a) Xom, (b) Makhleb or (c) Fedhas, but you can't tell which.
Press the corresponding letter to learn more about a god, or press enter to convert or escape to cancel.
Fedhas accepts your prayer! Fedhas welcomes you!
The plants of the dungeon cease their hostilities.
The bat misses you.
The jackal bites you but does no damage.
Casting: Foxfire (safe; 10% risk of failure)
Confirm with . or Enter, or press ? or * to list all spells.
You don't have enough magic to cast this spell.
Casting: Foxfire (safe; 10% risk of failure)
Confirm with . or Enter, or press ? or * to list all spells.
You don't know that spell.
The bat misses you. The jackal barely misses you.
The endoplasm barely misses you. The bat closely misses you.
Casting: Foxfire (safe; 10% risk of failure)
Confirm with . or Enter, or press ? or * to list all spells.
You conjure some foxfire!
The bat hits you but does no damage. x2
The jackal barely misses you. The endoplasm freezes you.
You are frozen.
* * * LOW HITPOINT WARNING * * *
The rat completely misses you.
The foxfire hits the rat but does no damage.
The bat hits you but does no damage.
The jackal bites you but does no damage.
The jackal closely misses you. The endoplasm freezes you.
You are frozen.
You die...
Fedhas appreciates your contribution to the ecosystem.

##.†.....#
#........#
#....##..#
#....#
#...
#....# ###
#....#
#....#
#b.Jr#
#rh@.#
######


You could see an endoplasm, a jackal, a bat and 2 rats.

Vanquished Creatures
  2 jackals (D:1)
  A kobold (D:1)
3 creatures vanquished.

Vanquished Creatures (others)
  10 foxfires (D:1)
  A plant (D:1)
11 creatures vanquished.

Grand Total: 14 creatures vanquished

Notes
Turn   | Place    | Note
-------+----------+-------------------------------------------
     0 | D:1      | BaabKaare the Human Fire Elementalist began the quest for
                  | the Orb.
     0 | D:1      | Reached XP level 1. HP: 13/13 MP: 3/3
    74 | D:1      | Found a faded altar of an unknown god.
    84 | D:1      | Prayed at the altar of an unknown god.
    84 | D:1      | Became a worshipper of Fedhas Madash
    84 | D:1      | Reached * piety under Fedhas
    88 | D:1      | Frozen to death by an endoplasm

Illustrated notes

Levels and vault maps discovered:
D:1:      eino_arrival_druids_welcome, layout_basic, basic_ecumenical_altar

Action                   || total
-------------------------++-------
Melee: Unarmed           ||     1
 Cast: Foxfire           ||     7
Armor: Robe              ||    26
Dodge: Dodged            ||    45

Table legend: (Time is in decaauts)
 A = Elapsed time spent in this place.
 B = Non-inter-level travel time spent in this place.
 C = Inter-level travel time spent in this place.
 D = Time resting spent in this place.
 E = Time spent auto-exploring this place.
 F = Levels seen in this place.
 G = Mean time per level.
                   A        B        C        D        E       F      G
               +--------+--------+--------+--------+--------+-----+--------+
         Total |     88 |     88 |      0 |      0 |      0 |   1 |   88.0 |
       Dungeon |     88 |     88 |      0 |      0 |      0 |   1 |   88.0 |
               +--------+--------+--------+--------+--------+-----+--------+

Top non-repeatable levels by time:
     D:1: 88 daAuts
